 Dungeon Crawl Stone Soup version 0.29.1-4-g47bece8355 (webtiles) character file.

Game seed: 411989563088857534

25 Aldia the Sneak (level 2, 0/15 HPs)
             Began as a Vampire Enchanter on Dec 9, 2022.
             Slain by a ball python (2 damage)
             ... on level 1 of the Dungeon.
             The game lasted 00:02:45 (944 turns).

Aldia the Sneak (Vampire Enchanter)                  Turns: 944, Time: 00:02:46

Health: 0/15       AC:  2    Str:  7    XL:     2   Next: 86%
Magic:  1/5        EV:  9    Int: 17    God:
Gold:   101        SH:  0    Dex: 14    Spells: 3/5 levels left

rFire   . . .      SeeInvis +   a - +1 dagger
rCold   + + .      Faith    .   (no shield)
rNeg    + + +      Spirit   .   b - +0 robe
rPois   ∞          Reflect  .   (no helmet)
rElec   .          Harm     .   (no cloak)
rCorr   .          Rampage  .   (no gloves)
Will    .....                   (no boots)
Stlth   +++++.....              (no amulet)
HPRegen 0.00/turn               (no ring)
MPRegen 0.09/turn               (no ring)

@: bloodless, inhibited regen, constricted
A: bloodless, fangs 3, see invisible, vampiric 1
a: Revivify


You were on level 1 of the Dungeon.
You visited 1 branch of the dungeon, and saw 1 of its levels.

You collected 101 gold pieces.

Inventory:

Hand Weapons
 a - a +1 dagger (weapon)
Armour
 b - a +0 robe (worn)
Jewellery
 j - a ring of poison resistance
Scrolls
 d - 2 scrolls of enchant weapon {unknown}
 e - 3 scrolls of identify {unknown}
 f - a scroll of poison {unknown}
 h - a scroll of blinking {unknown}
 m - a scroll of noise {unknown}
Potions
 c - 2 potions of invisibility
 g - a potion of heal wounds {unknown}
 i - a potion of lignification {unknown}
 k - a potion of degeneration {unknown}
 l - a potion of curing {unknown}


   Skills:
 * Level 2.1 Short Blades
 - Level 2.4 Dodging
 * Level 5.2 Stealth
 - Level 2.0 Spellcasting
 - Level 4.4 Hexes
 + Level 0.5 Ice Magic


You had 3 spell levels left.
You knew the following spells:

 Your Spells              Type           Power      Damage    Failure   Level
a - Ensorcelled Hibernat  Hex/Ice        20%        N/A       11%         2

Your spell library contained the following spells:

 Spells                   Type           Power      Damage    Failure   Level
 Confusing Touch          Hex            16%        N/A       10%         3
 Tukima's Dance           Hex            16%        N/A       10%         3
 Dazzling Flash           Conj/Hex       18%        N/A       24%         3


Dungeon Overview and Level Annotations

Branches:
Dungeon (1/15)

Altars:


Innate Abilities, Weirdness & Mutations

You do not regenerate when monsters are visible.
You are frail without blood (-20% HP).
You can heal yourself when you bite living creatures.
You are immune to poison.
You have razor-sharp teeth.
You have supernaturally acute eyesight. (SInv)
You are afflicted with vampirism.


Message History

Press: ? - help, Shift-Dir - straight line, f - hobgoblin
Aim: a hobgoblin (chance to affect: 62%)
The hobgoblin resists with significant effort.
The hobgoblin closely misses you.
Casting: Ensorcelled Hibernation (safe; 11% risk of failure)
Confirm with . or Enter, or press ? or * to list all spells.
Aiming: Ensorcelled Hibernation (safe; 11% risk of failure)
Press: ? - help, Shift-Dir - straight line, f/p - hobgoblin
Aim: a hobgoblin (chance to affect: 62%)
The hobgoblin resists with significant effort.
The hobgoblin barely misses you.
Casting: Ensorcelled Hibernation (safe; 11% risk of failure)
Confirm with . or Enter, or press ? or * to list all spells.
You don't have enough magic to cast this spell.
Unknown command.
You hit the ball python.
The ball python is severely wounded.
The ball python barely misses you. The ball python completely misses you.
You hit the ball python but do no damage.
The ball python is severely wounded.
The hobgoblin hits you. The ball python bites you. The ball python grabs you.
The ball python constricts you.
You closely miss the ball python. Your bite misses the ball python.
The ball python is severely wounded.
The ball python bites you. The ball python constricts you.
The hobgoblin barely misses you.
You barely miss the ball python.
The ball python is severely wounded.
The ball python bites you. The ball python constricts you.
The hobgoblin closely misses you.
You are too injured to fight recklessly!
You are too injured to fight recklessly!
You are too injured to fight recklessly!
You hit the ball python but do no damage.
The ball python is severely wounded.
The ball python completely misses you. The ball python constricts you.
The hobgoblin hits you.
* * * LOW HITPOINT WARNING * * *
The ball python bites you.
You die...

# ## ### ##. $#..
#.. ...# #.# ##..#
#.###..## #.##..@g##
########.##.#S..#
#..........###.....#
#.########## #._.##
#.# )...# #.# .#...#
#.# ##... ## #.# #..
.###.# .#


You could see a hobgoblin and a ball python.

Vanquished Creatures
  3 endoplasms (D:1)
  2 giant cockroaches (D:1)
  2 hobgoblins (D:1)
  6 jackals (D:1)
  3 ball pythons (D:1)
  A bat (D:1)
  2 frilled lizards (D:1)
  3 kobolds (D:1)
  A rat (D:1)
23 creatures vanquished.

Notes
Turn   | Place    | Note
-------+----------+-------------------------------------------
     0 | D:1      | Aldia the Vampire Enchanter began the quest for the Orb.
     0 | D:1      | Reached XP level 1. HP: 13/13 MP: 3/3
    91 | D:1      | Reached XP level 2. HP: 9/15 MP: 5/5
   111 | D:1      | Learned a level 2 spell: Ensorcelled Hibernation
   329 | D:1      | Reached skill level 5 in Stealth
   934 | D:1      | Found a faded altar of an unknown god.
   944 | D:1      | Slain by a ball python

Illustrated notes

Levels and vault maps discovered:
D:1:      lightli_arrival_chessboard, layout_loops_ring,
          nicolae_ecumenical_snake_handling, serial_rivers,
          chequers_serial_rivers_micro_a, chequers_serial_rivers_large_a,
          chequers_serial_rivers_micro_e, chequers_serial_rivers_micro_a

Skill      XL: |  1  2 |
---------------+-------+-----
Stealth        | 5 |  5.2
Short Blades   | 2 |  2.1
Dodging        | |  2.4
Spellcasting   | |  2.0
Hexes          | |  4.4
Ice Magic      | |  0.5

Action                   || total
-------------------------++-------
Melee: Dagger            ||    54
       Bite              ||     3
       Punch             ||     1
 Cast: Ensorcelled Hiber ||     5
 Abil: Exsanguinate      ||     1
 Stab: Sleeping          ||    13
       Distracted        ||     1
Armor: Robe              ||     6
Dodge: Dodged            ||    26
